 Dungeon Crawl Stone Soup version 0.31-a0-948-gf5be29c462 (webtiles) character file.

Game seed: 5589768819821753544

16 protoss039 the Digger (level 2, 21/21 HPs)
             Began as a Demonspawn Earth Elementalist on Oct 21, 2023.
             Got out of the dungeon alive.
             The game lasted 00:00:56 (529 turns).

protoss039 the Digger (DsEE)                         Turns: 529, Time: 00:00:57

Health: 21/21      AC:  3    Str:  8    XL:     2   Next: 37%
Magic:  5/5        EV: 11    Int: 16    God:
Gold:   13         SH:  0    Dex: 13    Spells: 4/5 levels left

rFire   . . .        b - +0 dagger
rCold   + . .        (no shield)
rNeg    . . .        f - +0 leather armour
rPois   +            (helmet restricted)
rElec   .            (no cloak)
rCorr   .            (no gloves)
SInv    .            (no boots)
Will    .....        (no amulet)
Stlth   ++           (no ring)
HPRegen 0.23/turn    (no ring)
MPRegen 0.09/turn

%: no passive effects
@: no status effects
A: antennae 1, talons 1, cold resistance 1, poison resistance
a: no special abilities


You escaped.
You visited 1 branch of the dungeon, and saw 1 of its levels.

You collected 13 gold pieces.

Inventory:

Hand Weapons
 b - a +0 dagger (weapon)
Armour
 f - a +0 leather armour (worn)
Scrolls
 a - a scroll of enchant weapon {unknown}
 d - a scroll of poison {unknown}
 e - a scroll of identify {unknown}


   Skills:
 + Level 1.0 Fighting
 - Level 1.7 Dodging
 - Level 1.7 Stealth
 + Level 2.3 Spellcasting
 - Level 0.8 Transmutations
 + Level 3.0 Earth Magic


You had 4 spell levels left.
You knew the following spells:

 Your Spells              Type           Power      Damage    Failure   Level
a - Sandblast             Erth           22%        2d7       9%          1

Your spell library contained the following spells:

 Spells                   Type           Power      Damage    Failure   Level
 Passwall                 Tmut/Erth      6%         N/A       21%         2
 Magic Dart               Conj           4%         1d3       30%         1
 Searing Ray              Conj           2%         2d4       41%         2
 Stone Arrow              Conj/Erth      12%        3d7       43%         3
 Petrify                  Tmut/Erth      8%         N/A       78%         4
 Brom's Barrelling Bould  Conj/Erth      6%         2d3       83%         4
 Fulminant Prism          Conj/Hex       0%         3d5       96%         4


Dungeon Overview and Level Annotations

Branches:
Dungeon (1/15) Zot: 5464

Altars:


Innate Abilities, Weirdness & Mutations

You have a pair of small antennae on your head.
You have sharp toenails.
Your flesh is cold resistant. (rC+)
Your system is resistant to poisons. (rPois)


Message History

Unknown command.
Casting: Sandblast (safe; 9% risk of failure)
Confirm with . or Enter, or press ? or * to list all spells.
Aiming: Sandblast (safe; 9% risk of failure)
Press: ? - help, Shift-Dir - straight line, f - quokka
Aim: a quokka (heavily wounded, 75% to hit)
The blast of sand misses the quokka.
The quokka barely misses you. x2
Unknown command.
Casting: Sandblast (safe; 9% risk of failure)
Confirm with . or Enter, or press ? or * to list all spells.
Aiming: Sandblast (safe; 9% risk of failure)
Press: ? - help, Shift-Dir - straight line, f/p - quokka
Aim: a quokka (heavily wounded, 75% to hit)
The blast of sand hits the quokka.
You kill the quokka!
Your Earth Magic skill increases to level 3!
Unknown command.
Found a helmet.
The ball python hisses angrily.
A ball python is nearby!
A ball python is nearby!
A ball python is nearby!
The ball python barely misses you. The ball python closely misses you.
Casting: Sandblast (safe; 9% risk of failure)
Confirm with . or Enter, or press ? or * to list all spells.
Aiming: Sandblast (safe; 9% risk of failure)
Press: ? - help, Shift-Dir - straight line, f - ball python
Aim: a ball python (80% to hit)
The blast of sand hits the ball python.
You kill the ball python!
Unknown command.
Unknown command.
Things that are here:
a +0 dagger; a goblin skeleton You see here a +0 club.
There is an open door here.
You open the door.
There is an open door here.
There is a staircase leading out of the dungeon here.
You have escaped!

#...#~.~#§≈§#
#...#~.~#≈≈.#
#...#≈.~#≈..#
#(..#...#...#
#...........#
#..[........#
#....[......#
#...........#
#.....@.....#
#...........#
#############


There were no monsters in sight!

Vanquished Creatures
  A dart slug (D:1)
  2 endoplasms (D:1)
  4 goblins (D:1)
  A quokka (D:1)
  A ball python (D:1)
  A frilled lizard (D:1)
  3 kobolds (D:1)
13 creatures vanquished.

Notes
Turn   | Place    | Note
-------+----------+-------------------------------------------
     0 | D:1      | protoss039 the Demonspawn Earth Elementalist began the
                  | quest for the Orb.
     0 | D:1      | Reached XP level 1. HP: 13/13 MP: 3/3
   233 | D:1      | Gained mutation: You have a pair of small antennae on your
                  | head. [demonic ancestry]
   233 | D:1      | Reached XP level 2. HP: 20/20 MP: 1/5
   242 | D:1      | Gained mutation: Your system is resistant to poisons.
                  | (rPois) [potion of mutation]
   242 | D:1      | Gained mutation: You have sharp toenails. [potion of
                  | mutation]
   242 | D:1      | Gained mutation: Your flesh is cold resistant. (rC+)
                  | [potion of mutation]
   359 | D:1      | Reached skill level 1 in Fighting
   435 | D:1      | Found a faded altar of an unknown god.
   441 | D:1      | Reached skill level 3 in Earth Magic
   529 | D:$      | Got out of the dungeon alive.

Illustrated notes

Levels and vault maps discovered:
D:1:      lightli_arrival_quake, layout_basic, chequers_ecumenical_altar_island,
          serial_shops, nicolae_shop_stone, solitary_fountain

Skill      XL: |  1  2 |
---------------+-------+-----
Fighting       | 1 |  1.0
Earth Magic    | 3 |  3.0
Dodging        | |  1.7
Stealth        | |  1.7
Spellcasting   | |  2.3
Transmutations | |  0.8

Action                     || total
---------------------------++-------
  Melee: Unarmed           ||     1
         Dagger            ||    10
         Kick              ||     2
   Cast: Sandblast         ||    15
    Use: Potion            ||     2
 Armour: Leather armour    ||    12
  Dodge: Dodged            ||    23

Table legend: (Time is in decaauts)
 A = Elapsed time spent in this place.
 B = Non-inter-level travel time spent in this place.
 C = Inter-level travel time spent in this place.
 D = Time resting spent in this place.
 E = Time spent auto-exploring this place.
 F = Levels seen in this place.
 G = Mean time per level.
                   A        B        C        D        E       F      G
               +--------+--------+--------+--------+--------+-----+--------+
         Total |    536 |    473 |     63 |      0 |    378 |   1 |  536.0 |
       Dungeon |    536 |    473 |     63 |      0 |    378 |   1 |  536.0 |
               +--------+--------+--------+--------+--------+-----+--------+

Top non-repeatable levels by time:
     D:1: 536 daAuts
